 Dungeon Crawl Stone Soup version 0.17.1-2-g5865329 (webtiles) character file.

1752 Grim the Cruncher (level 8, -4/64 HPs)
             Began as a Minotaur Berserker on Feb 16, 2016.
             Was a Priest of Trog.
             Slain by a gnoll
             ... wielding a +0 spear
              (6 damage)
             ... on level 6 of the Dungeon.
             The game lasted 00:09:49 (5583 turns).

Grim the Cruncher (Minotaur Berserker)              Turns: 5583, Time: 00:09:50

Health: -4/64      AC:  4    Str: 22    XL:     8   Next: 78%
Magic:  7/7        EV: 12    Int:  7    God:    Trog [***...]
Gold:   220        SH:  0    Dex: 12    Spells: 0 memorised, 7 levels left

rFire  . . .     SeeInvis .       - Unarmed
rCold  + . .     Clarity  .     a - +0 animal skin
rNeg   . . .     SustAt   .     (no shield)
rPois  .         Gourm    .     (helmet restricted)
rElec  .         Spirit   .     (no cloak)
rCorr  .         Warding  .     E - +0 pair of gloves
rMut   .         Stasis   .     t - +0 pair of boots
MR     .....                    (no amulet)
Stlth  +.........               x - +3 ring of intelligence
                                c - ring of protection from cold

@: exhausted, slowed, drained, very slow, not resistant to hostile enchantments,
very unstealthy
A: retaliatory headbutt, horns 2
a: Berserk, Trog's Hand, Burn Spellbooks, Renounce Religion


You were on level 6 of the Dungeon.
You worshipped Trog.
Trog was most pleased with you.
You were hungry.

You visited 1 branch of the dungeon, and saw 6 of its levels.

You collected 220 gold pieces.

Inventory:

Missiles
 u - 23 arrows
Armour
 a - a +0 animal skin (worn)
 t - a +0 pair of boots (worn)
 E - a +0 pair of gloves (worn)
Magical Staves
 z - an uncursed staff of cold
Jewellery
 c - a ring of protection from cold (left hand)
 x - a +3 ring of intelligence (right hand)
Scrolls
 d - 5 scrolls of teleportation
 h - 2 scrolls of immolation {unknown}
 j - 2 scrolls of magic mapping
 k - a scroll of holy word {unknown}
 o - a scroll of noise {unknown}
 q - 5 scrolls of remove curse {unknown}
 r - a scroll of fog {unknown}
 y - 3 scrolls of enchant weapon {unknown}
 A - 2 scrolls of identify
 C - a scroll of random uselessness {unknown}
 D - a scroll of vulnerability {unknown}
Potions
 e - 3 potions of curing
 i - 2 potions of resistance
 m - 2 potions of mutation {unknown}
 n - a potion of beneficial mutation {unknown}
 p - a potion of brilliance {unknown}
 s - a potion of invisibility {unknown}
 v - a potion of cure mutation {unknown}
 w - a potion of heal wounds {unknown}
Comestibles
 f - 4 beef jerkies
 g - 6 meat rations
 l - 7 fruits
 B - 2 royal jellies


   Skills:
 - Level 3.6(3.0) Fighting
 + Level 10.9(10.2) Staves
 - Level 2.4(1.8) Armour
 - Level 2.1(1.6) Dodging
 - Level 7.8(7.2) Unarmed Combat


You had 7 spell levels left.
You didn't know any spells.

Dungeon Overview and Level Annotations

Branches:
Dungeon (6/15)
 Temple: D:4-7

Altars:
Ashenzari
Dithmenos
Makhleb
Nemelex Xobeh
Okawaru
Xom


Innate Abilities, Weirdness & Mutations

You reflexively headbutt those who attack you in melee.
You have a pair of horns on your head.


Message History

The wight hits you from afar with a halberd of pain!
* * * LOW HITPOINT WARNING * * *
You feel drained.
* * * LOW HITPOINT WARNING * * *
You writhe in agony.
* * * LOW HITPOINT WARNING * * *
You punch the wight!
You destroy the wight!
The gnoll closely misses you. You furiously retaliate!
You headbutt the gnoll!
The wight hits you with a hand axe of freezing!
* * * LOW HITPOINT WARNING * * *
You feel drained.
* * * LOW HITPOINT WARNING * * *
The gnoll hits you from afar with a halberd.
* * * LOW HITPOINT WARNING * * *
The gnoll misses you. The wight barely misses you.
The wight hits you from afar with a halberd of pain.
* * * LOW HITPOINT WARNING * * *
The gnoll hits you from afar with a spear.
You die...

......# ...... ......#
.....# ......+ #...># #
......########....##..
.............#........
.............#)†......
.............+g)g.# ###
.............#g####.....
...............)@z......
...............z#.#.....
................._......
...)..#######...#.#... .
......'.....#...........
#.....#.....#..[........
+.....#.....#...........
#)....#.....###############
#))...#.....##............#


You could see 2 wights and a gnoll.

Vanquished Creatures
  A gargoyle (D:5)
  The ghost of antares the Magician, a novice DEWz of Elyvilon (D:4)
  Grinder (D:4)
  Eustachio (D:4)
  A black bear (D:5)
  A gnoll sergeant (D:6)
  7 wights (D:6)
  A giant frog skeleton (D:5)
  2 jellies (D:5)
  2 orc priests (D:5)
  2 orc wizards
  A centaur skeleton (D:4)
  Natasha (thrice) (D:4)
  An iguana (D:5)
  A worker ant (D:6)
  3 gnolls (D:6)
  6 adders
  2 worms (D:2)
  10 orcs
  6 bats
  6 giant cockroaches
  7 goblins
  3 hobgoblins
  3 jackals (D:1)
  3 quokkas
  3 ball pythons
  2 giant geckos
  A giant gecko skeleton (D:6)
  4 giant newts
  3 kobolds
  A quokka skeleton (D:4)
  A quokka zombie (D:5)
  4 rats
94 creatures vanquished.

Notes
Turn   | Place    | Note
--------------------------------------------------------------
     0 | D:1      | Grim the Minotaur Berserker began the quest for the Orb.
     0 | D:1      | Reached XP level 1. HP: 19/19 MP: 0/0
   273 | D:1      | Reached skill level 4 in Unarmed Combat
   273 | D:1      | Reached XP level 2. HP: 24/26 MP: 1/1
  1068 | D:2      | Reached ** piety under Trog
  1090 | D:2      | Found a burning altar of Makhleb.
  1155 | D:2      | Reached XP level 3. HP: 16/31 MP: 2/2
  1443 | D:2      | Reached skill level 5 in Unarmed Combat
  1693 | D:2      | Found a shimmering altar of Xom.
  1693 | D:2      | Found a shadowy altar of Dithmenos.
  1930 | D:3      | Found a shattered altar of Ashenzari.
  2231 | D:3      | Reached XP level 4. HP: 27/39 MP: 3/3
  2720 | D:4      | Noticed antares's ghost (novice DEWz)
  2721 | D:4      | Noticed Natasha
  2725 | D:4      | Killed Natasha
  2728 | D:4      | Killed antares's ghost
  2728 | D:4      | Reached skill level 7 in Unarmed Combat
  2728 | D:4      | Reached XP level 5. HP: 45/45 MP: 4/4
  2728 | D:4      | Reached XP level 6. HP: 51/51 MP: 5/5
  2786 | D:4      | Noticed Natasha
  2793 | D:4      | Killed Natasha
  3074 | D:4      | Noticed Eustachio
  3077 | D:4      | Reached skill level 1 in Staves
  3089 | D:4      | Killed Eustachio
  3211 | D:4      | Noticed Natasha
  3215 | D:4      | Killed Natasha
  3262 | D:4      | Noticed Grinder
  3281 | D:4      | Killed Grinder
  3281 | D:4      | Reached skill level 5 in Staves
  3281 | D:4      | Reached XP level 7. HP: 32/57 MP: 6/6
  3686 | D:5      | Entered Level 5 of the Dungeon
  3896 | D:5      | Reached *** piety under Trog
  4178 | D:5      | Found a sparkling altar of Nemelex Xobeh.
  4278 | D:5      | Noticed a gargoyle
  4287 | D:5      | Killed a gargoyle
  4287 | D:5      | Reached skill level 9 in Staves
  4287 | D:5      | Reached XP level 8. HP: 64/64 MP: 7/7
  5153 | D:6      | Reached skill level 10 in Staves
  5549 | D:6      | Found an iron altar of Okawaru.
  5582 | D:6      | HP: 1/64 [wight/halberd of pain (3)]
  5583 | D:6      | Slain by a gnoll

Action                   |  1- 3 |  4- 6 |  7- 9 || total
-------------------------+-------+-------+-------++-------
Melee: Unarmed           |    71 |    38 |   105 ||   214
Invok: Berserk           |       |     2 |     4 ||     6
       Trog's Hand       |       |     2 |     1 ||     3
  Use: Scroll            |       |       |     5 ||     5
 Stab: Sleeping          |     1 |     1 |     2 ||     4
  Eat: Chunk             |     2 |     2 |     3 ||     7
       Bread ration      |       |     1 |     2 ||     3
